 Seeded DCSS version 0.30.1-9-gdf580d7c3d (webtiles) character file.

Game seed: 5216266547923412678 (custom seed)

49 Psyclone the Conjurer (level 3, 19/19 HPs)
             Began as a Deep Elf Conjurer on Oct 6, 2023.
             Was a Follower of Vehumet.
             Quit the game on level 2 of the Dungeon.
             The game lasted 00:03:13 (1391 turns).

Psyclone the Conjurer (Deep Elf Conjurer)           Turns: 1391, Time: 00:03:13

Health: 19/19      AC:  4    Str:  4    XL:     3   Next: 53%
Magic:  9/9        EV: 12    Int: 24    God:    Vehumet [*.....]
Gold:   64         SH:  0    Dex: 13    Spells: 7/8 levels left

rFire   . . .        f - +0 dagger
rCold   . . .        (no shield)
rNeg    . . .        a - +0 robe
rPois   .            d - +0 helmet
rElec   .            (no cloak)
rCorr   .            g - +0 pair of gloves
SInv    +            (no boots)
Will    .....        (no amulet)
Stlth   ++           h - ring of see invisible
HPRegen 0.23/turn    (no ring)
MPRegen 0.11/turn

%: no passive effects
@: no status effects
A: no striking features
a: Renounce Religion


You were on level 2 of the Dungeon.
You worshipped Vehumet.
Vehumet was aware of your devotion.
You visited 1 branch of the dungeon, and saw 2 of its levels.

You collected 64 gold pieces.

Inventory:

Hand Weapons
 f - a +0 dagger (weapon)
Armour
 a - a +0 robe (worn)
 d - a +0 helmet (worn)
 g - a +0 pair of gloves (worn)
Jewellery
 h - a ring of see invisible (left hand)
Scrolls
 c - 2 scrolls of identify {unknown}
 e - a scroll of magic mapping {unknown}
 i - a scroll of teleportation {unknown}
 k - a scroll of torment {unknown}
Potions
 b - a potion of magic
 j - a potion of invisibility {unknown}


   Skills:
 - Level 2.4 Dodging
 - Level 2.4 Stealth
 - Level 3.0 Spellcasting
 + Level 5.9 Conjurations


You had 7 spell levels left.
You knew the following spells:

 Your Spells              Type           Power      Damage    Failure   Level
a - Magic Dart            Conj           100%       1d8       1%          1

Your spell library contained the following spells:

 Spells                   Type           Power      Damage    Failure   Level
 Foxfire                  Conj/Fire      68%        2x1d7     3%          1
 Searing Ray              Conj           62%        2d6       1%          2
 Dazzling Flash           Conj/Hex       34%        N/A       10%         3
 Fulminant Prism          Conj/Hex       8%         3d6       32%         4
 Iskenderun's Mystic Bla  Conj/Tloc      17%        2d5       32%         4


Dungeon Overview and Level Annotations

Branches:
Dungeon (2/15) Zot: 10606

Altars:
Vehumet


Message History

Aim: an adder (100% to hit)
The magic dart hits the adder!
The adder is severely wounded.
You now have 8/9 mp.
Casting: Magic Dart (safe; 1% risk of failure)
Confirm with . or Enter, or press ? or * to list all spells.
Aiming: Magic Dart (safe; 1% risk of failure)
Press: ? - help, Shift-Dir - straight line, f/p - adder
Aim: an adder (severely wounded, 100% to hit)
The magic dart hits the adder!
You kill the adder!
Vehumet accepts your kill.
You now have 7/9 mp.
You see here a bat corpse.
You now have 64 gold pieces (gained 16).
A dart slug comes into view.
MP restored: 9
Casting: Magic Dart (safe; 1% risk of failure)
Confirm with . or Enter, or press ? or * to list all spells.
Aiming: Magic Dart (safe; 1% risk of failure)
Press: ? - help, Shift-Dir - straight line, f - dart slug
Aim: a dart slug (asleep, 100% to hit)
The magic dart hits the dart slug!
The dart slug is severely wounded.
You now have 8/9 mp.
Casting: Magic Dart (safe; 1% risk of failure)
Confirm with . or Enter, or press ? or * to list all spells.
Aiming: Magic Dart (safe; 1% risk of failure)
Press: ? - help, Shift-Dir - straight line, f/p - dart slug
Aim: a dart slug (severely wounded, 100% to hit)
The magic dart hits the dart slug.
You kill the dart slug!
Vehumet accepts your kill.
You can now gain magical power from killing.
Vehumet offers you knowledge of Foxfire.
You now have 7/9 mp.
Found a dagger.
k - a scroll labelled FOKUGI ASUSH MP restored: 9 Are you sure you want to abandon this character and quit the game? (Confirm with "yes".)

.. .#.# #.
#.#.#.#
######.#..#.#.##
#....#...).....#
#........##.#).#
#........ #.#..#
......#.###....#
#..@.....†#
#.#.####..# #
#.#..†[.#
#.#.##..#
#.#.....#
..#####.# ###
##.# ####..#
#.....#


There were no monsters in sight!

Vanquished Creatures
  2 adders (D:2)
  2 dart slugs
  A ball python (D:2)
  An endoplasm (D:1)
  2 giant cockroaches
  3 goblins (D:1)
  4 hobgoblins
  2 kobolds
  A quokka (D:1)
  4 bats
  A frilled lizard (D:2)
  4 rats
27 creatures vanquished.

Notes
Turn   | Place    | Note
-------+----------+-------------------------------------------
     0 | D:1      | Psyclone the Deep Elf Conjurer began the quest for the Orb.
     0 | D:1      | Reached XP level 1. HP: 10/10 MP: 6/6
    37 | D:2      | Found a radiant altar of Vehumet.
    43 | D:2      | Became a worshipper of Vehumet
   427 | D:1      | Reached XP level 2. HP: 15/15 MP: 6/8
   528 | D:1      | Reached skill level 5 in Conjurations
  1163 | D:2      | Reached XP level 3. HP: 19/19 MP: 5/9
  1372 | D:2      | Reached * piety under Vehumet
  1372 | D:2      | Offered knowledge of Foxfire by Vehumet.
  1391 | D:2      | Quit the game

Illustrated notes

Levels and vault maps discovered:
D:1:      lightli_arrival_boilingwater, layout_loops_corners, item_on_display_a
D:2:      layout_basic, basic_altar, uniq_natasha

Skill      XL: |  1  2 |
---------------+-------+-----
Conjurations   | 5 |  5.9
Dodging        | |  2.4
Stealth        | |  2.4
Spellcasting   | |  3.0

Action                     || total
---------------------------++-------
   Cast: Magic Dart        ||    45
 Armour: Robe              ||     1
  Dodge: Dodged            ||     2
